 Dungeon Crawl Stone Soup version 0.29.1-2-gbd0b4ee654 (webtiles) character file.

Game seed: 15911368388757376931

35925 oldmanjim the Severer (level 13, -5/116 HPs)
             Began as a Minotaur Fighter on Oct 22, 2022.
             Was a High Priest of Okawaru.
             Killed from afar by an ice statue (20 damage)
             ... with a bolt of cold
             ... in an ice cave on Oct 24, 2022.
             The game lasted 01:41:41 (17348 turns).

oldmanjim the Severer (Minotaur Fighter)           Turns: 17348, Time: 01:41:43

Health: -5/116     AC: 17    Str: 25    XL:     13   Next: 50%
Magic:  17/17      EV: 10    Int: 10    God:    Okawaru [*****.]
Gold:   593        SH: 23    Dex: 11    Spells: 12/12 levels left

rFire   + + .      SeeInvis .   a - +3 broad axe (vamp)
rCold   + . .      Faith    .   z - +0 tower shield
rNeg    . . .      Spirit   .   t - +3 ring mail "Yzuixoaf" {rF+ Int+5}
rPois   +          Reflect  +   (helmet restricted)
rElec   +          Harm     .   T - scarf {shadows}
rCorr   +          Rampage  .   J - +2 pair of gloves
Will    .....                   y - +0 pair of boots
Stlth   +.........              X - amulet of reflection
HPRegen 0.29/turn               e - +4 ring of protection
MPRegen 0.15/turn               A - ring of flight

@: resistant, flying, slowed, studying Polearms, very slow
A: horns 2, retaliatory headbutt
a: Renounce Religion, Heroism, Finesse, Duel


You were in an ice cave.
You worshipped Okawaru.
Okawaru was extremely pleased with you.
You visited 3 branches of the dungeon, and saw 16 of its levels.
You also visited: Sewer, Bailey and Ice Cave.

You collected 1044 gold pieces.
You spent 451 gold pieces at shops.

Inventory:

Hand Weapons
 a - a +3 vampiric broad axe (weapon)
 b - a +0 sling
 D - the +0 demon trident "Isism" {elec, rPois Stlth+}
   (Okawaru gifted it to you on level 3 of the Lair of Beasts)

   It occasionally discharges a powerful burst of electricity upon striking a
   foe.
   rPois:     It protects you from poison.
   Stlth:     It makes you more stealthy.
 U - a +4 broad axe of draining
Missiles
 f - 111 stones (quivered)
 h - 5 javelins
 j - 6 boomerangs of dispersal
 m - 27 poisoned darts
 v - 12 boomerangs
 E - 2 throwing nets
 S - 2 silver javelins
Armour
 t - the +3 ring mail "Yzuixoaf" (worn) {rF+ Int+5}
   (You found it on level 2 of the Dungeon)

   Int:       It affects your intelligence (+5).
   rF:        It protects you from fire.
 y - a +0 pair of boots (worn)
 z - a +0 tower shield (worn)
 H - a +0 cloak
 J - a +2 pair of gloves (worn)
 T - a scarf of shadows (worn)
Jewellery
 e - a +4 ring of protection (left hand)
 k - a ring of fire
 A - a ring of flight (right hand)
 F - a ring of wizardry
 X - an amulet of reflection (around neck)
Wands
 C - a wand of iceblast (18)
 G - a wand of digging (8)
 K - a wand of light (13)
 O - a wand of flame (38)
 P - a wand of paralysis (11)
Scrolls
 c - 6 scrolls of identify
 g - 4 scrolls of magic mapping
 n - 2 scrolls of fear
 q - a scroll of blinking
 s - 6 scrolls of poison
 u - 2 scrolls of silence
 I - 4 scrolls of teleportation
 M - a scroll of enchant armour
 R - 2 scrolls of immolation
Potions
 d - a potion of might
 i - 13 potions of curing
 l - 3 potions of lignification
 o - 2 potions of cancellation
 p - a potion of ambrosia
 r - 3 potions of magic
 w - 4 potions of attraction
 x - 4 potions of heal wounds
 B - a potion of invisibility
 L - 3 potions of brilliance
 N - 2 potions of resistance
 Q - 2 potions of mutation
Miscellaneous
 V - a condenser vane


   Skills:
 - Level 11.0 Fighting
 + Level 15.7(18.2) Axes
 - Level 15.3(18.0) Polearms
 - Level 4.0 Armour
 - Level 5.0 Dodging
 - Level 15.0 Shields
 - Level 7.0 Invocations


You had 12 spell levels left.
You didn't know any spells.
Your spell library contained the following spells:

 Spells                   Type           Power      Damage    Failure   Level
 Sandblast                Erth           0%         2d4       90%         1
 Sting                    Tmut/Pois      0%         1d3       90%         1
 Passwall                 Tmut/Erth      0%         N/A       97%         2
 Poisonous Vapours        Pois/Air       0%         N/A       97%         2
 Scorch                   Fire           0%         2d5       97%         2
 Ozocubu's Armour         Ice            0%         N/A       99%         3
 Stone Arrow              Conj/Erth      0%         3d7       99%         3
 Flame Wave               Conj/Fire      0%         2d4       100%        4
 Olgreb's Toxic Radiance  Pois           0%         N/A       100%        4
 Passage of Golubria      Tloc           0%         N/A       100%        4
 Blade Hands              Tmut           0%         N/A       100%        5
 Metabolic Englaciation   Hex/Ice        0%         N/A       100%        5
 Yara's Violent Unravell  Hex/Tmut       0%         3d3       100%        5
 Iron Shot                Conj/Erth      0%         9d1       100%        6
 Tukima's Dance           Hex            Unusable   N/A       N/A         3
 Animate Armour           Summ/Erth      Unusable   N/A       N/A         4
 Simulacrum               Ice/Necr       Unusable   N/A       N/A         6
 Summon Cactus Giant      Summ           Unusable   N/A       N/A         6

Dungeon Overview and Level Annotations

Branches:
Dungeon (10/15)            Temple (1/1) D:7            Lair (5/5) D:9
 Shoals (0/4) Lair:2        Snake (0/4) Lair:3        Slime (0/5) Lair:5
    Orc (0/2) D:9           Sewer (visited)          Bailey (visited)
  IceCv (1/1)

Altars:
Ashenzari
Cheibriados
Dithmenos
Elyvilon
Fedhas
Gozag
Hepliaklqana
Kikubaaqudgha
Makhleb
Nemelex Xobeh
Okawaru
Qazlal
Ru
Sif Muna
Trog
Uskayaw
Vehumet
Wu Jian
Xom
Yredelemnul
Zin
The Shining One

Shops:
D:1 !   D:5 (??   D:8 *

Annotations:
D:8 1 runed translucent door, exclusion: door, quakins's ghost, novice TrTm IceCv 1 transporter, exclusion: 2 ice statues


Innate Abilities, Weirdness & Mutations

You have a pair of horns on your head.
You reflexively headbutt those who attack you in melee.


Message History

You block the ice beast's attack.
You hit the ice statue.
The ice statue is almost destroyed.
You slash the ice beast! You barely miss the ice beast.
You hit the freezing wraith. You hit the ice beast but do no damage.
You slice the ice beast!!
You are engulfed in freezing vapours.
You resist.
* * * LOW HITPOINT WARNING * * *
You block the ice beast's attack. x2
The ice beast hits you but does no damage. x2
The freezing wraith hits you but does no damage.
You block the freezing wraith's attack. The ice statue gestures at you.
The bolt of cold hits you! You resist.
* * * LOW HITPOINT WARNING * * *
The bolt of cold hits the ice beast.
The ice beast completely resists.
Unknown command.
You hit the ice statue. Your headbutt misses the ice statue.
The ice statue is almost destroyed.
You hit the freezing wraith but do no damage.
You hit the ice beast. x2; You slash the ice beast!
You kill the ice beast!
The ice beast disappears in a puff of smoke!
You hit the ice beast.
You are engulfed in freezing vapours.
You resist.
* * * LOW HITPOINT WARNING * * *
You block the ice beast's attack. x2
The freezing wraith hits you but does no damage.
You block the freezing wraith's attack.
The ice beast hits you but does no damage.
The ice beast misses you. You furiously retaliate!
You headbutt the ice beast! You block the ice beast's attack.
Blink to where?
Press: ? - help, Dir - move target
Okay, then.
Blink to where?
Press: ? - help, Dir - move target
As you read the scroll of blinking, it crumbles to dust.
The ice statue glitters chillingly in the dim dungeon light.
The ice statue gestures at you. The bolt of cold hits you!! You resist.
You die...

......8....#.....#
..........8#...$|#
∩.......[©©#©..:(#
........).8#..YYY#
......8....#..○○°#
...........#8○YW8#
#..........##8...#
##........####8..#
####...### ##.@#
##### ####


You could see an ice statue, a freezing wraith and 4 ice beasts.

Vanquished Creatures
  Snorg (D:10)
  2 hydras
  A centaur warrior (D:10)
  A two-headed ogre (D:10)
  14 death yaks
  Nergalle (D:10)
  Pikel (D:8)
  An ugly thing (IceCv)
  6 elephants
  Joseph (D:9)
  4 black mambas
  5 cane toads
  4 rime drakes
  Psyche (D:9)
  A torpor snail (Lair:2)
  9 komodo dragons
  A troll (D:9)
  3 polar bears
  5 blink frogs
  A dream sheep (Lair:2)
  A dire elephant simulacrum (IceCv)
  A wraith (D:9)
  4 wyverns
  A vampire (D:9)
  2 basilisks
  2 shadows
  22 yaks
  Grum (D:10)
  A death yak simulacrum (IceCv)
  A steam dragon (Lair:3)
  2 vampire mosquitoes (D:10)
  2 nagas (Lair:3)
  14 water moccasins
  A hornet zombie (D:7)
  9 orc warriors
  2 sky beasts
  A black bear (Temple)
  An ice beast (D:6)
  An ogre (D:6)
  7 wolves
  2 centaurs
  2 lemures (D:8)
  2 kobold brigands (D:3)
  2 phantoms (D:5)
  20 bullfrogs
  A cane toad simulacrum (IceCv)
  A gnoll sergeant (D:10)
  13 killer bees
  A howler monkey (D:9)
  An electric eel (Lair:2)
  A bullfrog zombie (D:7)
  4 orc priests
  5 hounds
  2 jellies
  2 gnoll boudas
  2 iguanas
  Ijyb (D:4)
  7 orc wizards
  29 gnolls
  10 adders
  3 river rats (Sewer)
  17 white imps
  An ufetubus (D:7)
  3 worms
  2 dart slugs
  33 orcs
  6 bats
  9 endoplasms
  3 giant cockroaches
  17 goblins
  12 hobgoblins
  4 jackals
  46 kobolds
  4 quokkas
  7 ball pythons
  8 frilled lizards
  14 rats
436 creatures vanquished.

Vanquished Creatures (others)
  13 fungi
  15 plants
28 creatures vanquished.

Grand Total: 464 creatures vanquished

Notes
Turn   | Place    | Note
-------+----------+-------------------------------------------
     0 | D:1      | oldmanjim the Minotaur Fighter began the quest for the Orb.
     0 | D:1      | Reached XP level 1. HP: 19/19 MP: 0/0
    81 | D:1      | Found Zakhif's Distillery.
   124 | D:1      | Reached XP level 2. HP: 27/27 MP: 1/1
   431 | D:1      | Found a faded altar of an unknown god.
   452 | D:1      | Reached XP level 3. HP: 32/33 MP: 2/2
   885 | D:2      | Reached XP level 4. HP: 41/41 MP: 3/3
   898 | D:2      | Identified the +3 ring mail "Yzuixoaf" {rF+ Int+5}
  1263 | D:2      | Found a sacrificial altar of Ru.
  2074 | D:3      | You fall into a shaft and drop 3 floors!
  2087 | D:6      | Found a glowing drain.
  2099 | Sewer    | Entered a sewer
  2113 | Sewer    | Reached XP level 5. HP: 42/47 MP: 4/4
  2155 | Sewer    | Reached skill level 5 in Shields
  2165 | Sewer    | Reached skill level 5 in Fighting
  2720 | D:5      | Entered Level 5 of the Dungeon
  2720 | D:5      | Noticed a phantom
  2734 | D:5      | Found Esyrphayg's Weapon Shop.
  2746 | D:5      | Reached XP level 6. HP: 44/56 MP: 5/5
  3040 | D:4      | Reached skill level 5 in Axes
  3193 | D:4      | Noticed Ijyb
  3202 | D:4      | Killed Ijyb
  3753 | D:5      | Found Xeissusa's Magic Scroll Emporium.
  3787 | D:5      | Reached XP level 7. HP: 55/63 MP: 6/6
  3978 | D:5      | HP: 3/64 [poisoned by an orc]
  4493 | D:5      | Found Wuikhoes's Magic Scroll Shop.
  4510 | D:5      | Bought a scroll of teleportation for 42 gold pieces
  5041 | D:6      | Reached XP level 8. HP: 73/73 MP: 7/7
  5921 | D:7      | Found a staircase to the Ecumenical Temple.
  5930 | Temple   | Entered the Ecumenical Temple
  5943 | Temple   | Became a worshipper of Warmaster Okawaru
  7031 | D:1      | Bought a potion of degeneration for 14 gold pieces
  7031 | D:1      | Bought 2 potions of curing for 84 gold pieces
  7031 | D:1      | Bought a potion of resistance for 140 gold pieces
  7031 | D:1      | Bought a potion of flight for 42 gold pieces
  7031 | D:1      | Bought a potion of attraction for 42 gold pieces
  7031 | D:1      | Bought a potion of brilliance for 56 gold pieces
  7125 | D:6      | Identified 2 scrolls of acquirement
  7125 | D:6      | Acquired a manual of Polearms
  7126 | D:6      | Acquired a +0 vampiric broad axe
  7393 | D:7      | Found a shimmering blue altar of Sif Muna.
  7498 | D:7      | Reached XP level 9. HP: 75/81 MP: 8/8
  7500 | D:7      | Reached skill level 1 in Invocations
  7504 | D:7      | Reached * piety under Okawaru
  7527 | D:7      | Found a basalt altar of Yredelemnul.
  7967 | D:8      | Reached skill level 10 in Shields
  8004 | D:8      | Reached skill level 10 in Axes
  8225 | D:8      | Reached ** piety under Okawaru
  8237 | D:8      | Found Jidgh's Assorted Antiques.
  8312 | D:8      | Bought a bubbling sapphire potion for 31 gold pieces
  8338 | D:8      | Noticed quakins's ghost (novice TrTm)
  8400 | D:8      | Found a runed translucent door.
  8693 | D:8      | Upgraded the game from 0.29.1-1-gd02db6906a to
                  | 0.29.1-2-gbd0b4ee654
  8743 | D:9      | Noticed Pikel
  8747 | D:9      | Noticed a troll
  8771 | D:9      | Reached XP level 10. HP: 86/88 MP: 11/11
  8778 | D:9      | Found a staircase to the Orcish Mines.
  8782 | D:9      | Found a flagged portal.
  8791 | Bailey   | Entered a bailey
  9179 | Bailey   | Reached *** piety under Okawaru
  9731 | D:9      | Noticed Psyche
 10264 | D:9      | Killed Psyche
 10264 | D:9      | Reached **** piety under Okawaru
 10265 | D:9      | Reached skill level 5 in Invocations
 10283 | D:9      | Noticed Joseph
 10312 | D:8      | Killed Pikel
 10359 | D:9      | Found a staircase to the Lair.
 10669 | D:9      | Found a sparkling altar of Nemelex Xobeh.
 10669 | D:9      | Found a stormy altar of Qazlal.
 10669 | D:9      | Found a broken altar of Ashenzari.
 10669 | D:9      | Found a glowing silver altar of Zin.
 10677 | D:9      | Found a white marble altar of Elyvilon.
 10682 | D:9      | Found an opulent altar of Gozag.
 10735 | D:9      | Killed Joseph
 10839 | D:10     | Entered Level 10 of the Dungeon
 10856 | D:10     | Noticed a two-headed ogre
 10867 | D:10     | Killed a two-headed ogre
 10867 | D:10     | Reached ***** piety under Okawaru
 10867 | D:10     | Received a gift from Okawaru
 11075 | D:10     | Noticed Grum
 11097 | D:9      | Reached XP level 11. HP: 49/94 MP: 13/13
 11321 | D:10     | Noticed Snorg
 11332 | D:10     | Killed Snorg
 11332 | D:10     | Identified the +0 robe of Seugrimn {+Blink rElec Int+4}
                  | (Okawaru gifted it to you on level 10 of the Dungeon)
 11332 | D:10     | Received a gift from Okawaru
 11574 | D:10     | Killed Grum
 11844 | D:10     | Noticed a centaur warrior
 11859 | D:10     | Killed a centaur warrior
 11976 | D:10     | Noticed Nergalle
 11987 | D:10     | Killed Nergalle
 12150 | Lair:1   | Entered Level 1 of the Lair of Beasts
 13521 | Lair:2   | Reached skill level 15 in Shields
 13560 | Lair:2   | Reached skill level 1 in Polearms
 13647 | Lair:2   | Noticed a death yak
 13655 | Lair:2   | Noticed a six-headed hydra
 13668 | Lair:2   | Killed a six-headed hydra
 13668 | Lair:2   | Identified the +1 ring mail "Gickeavu" {MP+9 Str+4 Int+9
                  | Dex-5} (Okawaru gifted it to you on level 2 of the Lair of
                  | Beasts)
 13668 | Lair:2   | Received a gift from Okawaru
 13970 | Lair:2   | Found a staircase to the Shoals.
 13995 | Lair:2   | Reached XP level 12. HP: 96/101 MP: 15/15
 14229 | Lair:2   | Reached skill level 15 in Axes
 14229 | Lair:2   | Reached skill level 5 in Polearms
 14435 | Lair:2   | Noticed a death yak
 14440 | Lair:2   | Noticed a death yak
 14445 | Lair:2   | Noticed a death yak
 14448 | Lair:2   | Killed a death yak
 14457 | Lair:2   | Killed a death yak
 14465 | Lair:2   | Killed a death yak
 14470 | Lair:2   | Killed a death yak
 14755 | Lair:3   | Reached skill level 10 in Polearms
 15048 | Lair:3   | Found a staircase to the Snake Pit.
 15248 | Lair:3   | Noticed a seven-headed hydra
 15269 | Lair:3   | Killed a seven-headed hydra
 15381 | Lair:3   | Noticed a death yak
 15381 | Lair:3   | Noticed a death yak
 15381 | Lair:3   | Noticed a death yak
 15408 | Lair:3   | Noticed a death yak
 15410 | Lair:3   | Noticed a death yak
 15423 | Lair:3   | Killed a death yak
 15433 | Lair:3   | Killed a death yak
 15434 | Lair:3   | Reached skill level 1 in Dodging
 15442 | Lair:3   | Killed a death yak
 15454 | Lair:3   | Killed a death yak
 15461 | Lair:3   | Killed a death yak
 15614 | Lair:3   | Reached XP level 13. HP: 110/111 MP: 17/17
 15674 | Lair:3   | Identified the +0 demon trident "Isism" {elec, rPois
                  | Stlth+} (Okawaru gifted it to you on level 3 of the Lair of
                  | Beasts)
 15674 | Lair:3   | Received a gift from Okawaru
 16100 | Lair:4   | Reached skill level 10 in Fighting
 16484 | Lair:3   | Reached skill level 15 in Polearms
 16484 | Lair:3   | Reached skill level 5 in Dodging
 16511 | Lair:4   | Reached ****** piety under Okawaru
 16572 | Lair:4   | Received a gift from Okawaru
 17152 | Lair:5   | Entered Level 5 of the Lair of Beasts
 17152 | Lair:5   | Found a staircase to the Slime Pits.
 17186 | Lair:5   | Found a frozen archway.
 17210 | IceCv    | Entered an ice cave
 17307 | IceCv    | Found a transporter.
 17332 | IceCv    | Found a transporter.
 17348 | IceCv    | Killed from afar by an ice statue

Illustrated notes

Levels and vault maps discovered:
D:1:      erik_arrival_blinker_ship, layout_rooms, serial_shops,
          nicolae_shop_competitors_out_of_business,
          ebering_ecumenical_altar_sacrificial
D:2:      layout_basic, basic_altar, minivault_14, minmay_misc_feat_nine_boxes,
          nicolae_figureground_sparkle
D:3:      minmay_goblin_kobold_castle, layout_loops_ring, nicolae_eternal_life
D:4:      kennysheep_the_goblin_king, layout_loops_ring
D:5:      layout_basic, serial_shops, nicolae_shop_trees,
          nicolae_take_the_stairs, nicolae_stop_n_shop_2
D:6:      layout_loops_ring, lightli_ossuary_entry_decrepit_ruins,
          portal_sewer_entry_d
D:7:      layout_rooms, lemuel_zombie_altar_yredelemnul,
          nicolae_sif_muna_little_library, minmay_temple_entry_trees
D:8:      layout_loops_ring, hellmonk_ghost_happy_afterlife, serial_shops,
          nicolae_shop_overgrown_old_shop, st_stairs_5
D:9:      layout_small_grid, minmay_overflow_temple_hex, lair_entry_dummy,
          minmay_orc_entry_temple_small, enter_bailey_2, uniq_pikel,
          uniq_joseph, uniq_psyche
D:10:     layout_rooms, uniq_grum, uniq_snorg, uniq_nergalle
Temple:   zaba_magenta_temple
Lair:1:   layout_cave_pods, minivault_26, st_stairs_12
Lair:2:   nzn_winding_woodlands_three_and_one
          [nzn_winding_woodlands_5x15_sawtooth,
          nzn_winding_woodlands_5x15_sidewinder,
          nzn_winding_woodlands_5x15_twine,
          nzn_winding_woodlands_center_pierced_h], layout_cave_pods,
          elwin_shoals_entry_rooms
Lair:3:   layout_cave_pods, guppyfry_snake_entry_island, grunt_megastairs_4
Lair:4:   layout_cave_pods, ldierk_geyser, chequers_serial_rivers_micro_a,
          infiniplex_staircase_pool
Lair:5:   cheibrodos_lair_end_hotspot, layout_gridlike, slime_entry_1,
          portal_ice_cave_entry_imps
IceCv:    ice_cave_statue_garden_transporter

Skill      XL: |  1  2  3  4  5  6  7  8  9 10 11 12 13 |
---------------+----------------------------------------+-----
Shields        | 4 5 6 7 9 11 13 15 | 15.0
Fighting       | 4 5 6 7 8 9 11 | 11.0
Armour         | 4 |  4.0
Axes           | 3 4 5 6 8 10 12 14 15 | 15.7
Invocations    | 3 5 7 |  7.0
Polearms       | 4 13 15 | 15.3
Dodging        | 2 5 |  5.0

Action                   |  1- 3 |  4- 6 |  7- 9 | 10-12 | 13-15 || total
-------------------------+-------+-------+-------+-------+-------++-------
Melee: War axe           |    89 |   169 |    31 |       |       ||   289
       Headbutt          |     7 |    28 |    54 |   126 |    53 ||   268
       Hand axe          |       |       |   183 |       |       ||   183
       Broad axe         |       |       |   151 |   614 |   154 ||   919
       Trident           |       |       |       |    17 |       ||    17
 Fire: Sling             |       |       |     7 |    26 |       ||    33
Throw: Stone             |       |     5 |     5 |    36 |    31 ||    77
       Dart              |       |       |     3 |    12 |       ||    15
Invok: Heroism           |       |       |       |     3 |       ||     3
       Finesse           |       |       |       |     3 |       ||     3
  Use: Potion            |       |       |     1 |       |     2 ||     3
       Scroll            |       |       |    20 |     4 |     2 ||    26
Armor: Scale mail        |    44 |     1 |       |       |       ||    45
       Ring mail         |       |    81 |   139 |   150 |    42 ||   412
Dodge: Dodged            |    41 |    64 |   117 |   141 |    45 ||   408
Block: Buckler           |    21 |     3 |       |       |       ||    24
       Tower shield      |       |   112 |   293 |   615 |   145 ||  1165
       Reflection        |       |       |       |     5 |     8 ||    13
